 Seeded DCSS version 0.29.1-13-g9f3cf754e1 (webtiles) character file.

Game seed: 18334199546629406935 (custom seed)

648 mathmaestro the Scholar of Death (level 7, -11/53 HPs)
             Began as a Demonspawn Necromancer on Jan 24, 2023.
             Was a Follower of Kikubaaqudgha.
             Mangled by a troll (13 damage)
             ... on level 5 of the Dungeon.
             The game lasted 00:13:01 (5137 turns).

mathmaestro the Scholar of Death (DsNe)             Turns: 5137, Time: 00:13:02

Health: -11/53     AC:  5    Str: 14    XL:     7   Next: 27%
Magic:  1/12       EV: 13    Int: 19    God:    Kikubaaqudgha [*.....]
Gold:   287        SH:  0    Dex: 13    Spells: 5/13 levels left

rFire   . . .      SeeInvis .   q - +4 flail (protect)
rCold   . . .      Faith    .   (no shield)
rNeg    . . .      Spirit   .   a - +0 robe
rPois   .          Reflect  .   (helmet restricted)
rElec   .          Harm     .   y - +0 cloak
rCorr   .          Rampage  .   k - +0 pair of gloves
Will    .....                   (no boots)
Stlth   ++........              (no amulet)
HPRegen 0.17/turn               l - +6 ring of strength
MPRegen 0.26/turn               m - ring of flight

@: flying, very slightly contaminated
A: antennae 1, rugged brown scales 1, powered by death 1, magic regeneration
a: Renounce Religion, Unearth Wretches


You were on level 5 of the Dungeon.
You worshipped Kikubaaqudgha.
Kikubaaqudgha was aware of your devotion.
You visited 1 branch of the dungeon, and saw 5 of its levels.
You also visited: Sewer.

You collected 287 gold pieces.

Inventory:

Hand Weapons
 q - a +4 flail of protection (weapon)
Missiles
 z - 4 javelins
Armour
 a - a +0 robe (worn)
 k - a +0 pair of gloves (worn)
 y - a +0 cloak (worn)
Jewellery
 l - a +6 ring of strength (left hand)
 m - a ring of flight (right hand)
Scrolls
 e - a scroll of fear {unknown}
 f - 3 scrolls of immolation
 g - 3 scrolls of teleportation
 i - a scroll of blinking
 n - 3 scrolls of magic mapping
 o - a scroll of enchant armour {unknown}
 r - 3 scrolls of fog
 w - a scroll of amnesia {unknown}
 A - a scroll of enchant weapon {unknown}
Potions
 b - a potion of magic
 c - 4 potions of curing {unknown}
 d - 3 potions of might {unknown}
 h - 3 potions of attraction {unknown}
 j - 2 potions of haste {unknown}
 p - a potion of flight {unknown}
 s - 3 potions of degeneration {unknown}
 t - 2 potions of heal wounds {unknown}
 u - a potion of cancellation {unknown}
 v - a potion of mutation {unknown}
 x - a potion of invisibility {unknown}
 B - 2 potions of lignification {unknown}
 C - a potion of berserk rage {unknown}


   Skills:
 + Level 3.1 Fighting
 + Level 3.5 Dodging
 + Level 3.9 Stealth
 + Level 3.7 Spellcasting
 + Level 5.9 Necromancy


You had 5 spell levels left.
You knew the following spells:

 Your Spells              Type           Power      Damage    Failure   Level
a - Necrotise             Necr           100%       1d9       1%          1
b - Vampiric Draining     Necr           26%        2d7       3%          3
c - Animate Dead          Necr           26%        N/A       12%         4

Your spell library contained the following spells:

 Spells                   Type           Power      Damage    Failure   Level
 Sublimation of Blood     Necr           26%        N/A       1%          2
 Slow                     Hex            12%        N/A       14%         1
 Agony                    Necr           26%        N/A       34%         5
 Confusing Touch          Hex            3%         N/A       38%         3


Dungeon Overview and Level Annotations

Branches:
Dungeon (5/15)              Sewer (visited)
 Temple: D:4-7

Altars:
Kikubaaqudgha

Annotations:
D:4 1 runed translucent door, Dvallin's ghost, amateur GnAM


Innate Abilities, Weirdness & Mutations

You have a pair of small antennae on your head.
You are partially covered in rugged brown scales. (AC +1, +3% HP)
You regenerate a little health from kills.
You regenerate magic rapidly.


Message History

You completely miss the troll.
Your reaping aura is weakening.
Your gnoll zombie closely misses the troll.
Your orc zombie barely misses the troll.
The troll bites you. The troll claws you. The troll claws you!
Casting: Necrotise (safe; 1% risk of failure)
Confirm with . or Enter, or press ? or * to list all spells.
Aiming: Vampiric Draining (dangerous; 3% risk of failure)
Press: ? - help, Shift-Dir - straight line, f/p - troll
Aim: a troll (ally target)
You draw life force from the troll.
You feel life coursing into your body.
Your gnoll zombie hits the troll but does no damage.
The troll closely misses you. The troll claws you! x2
* * * LOW HITPOINT WARNING * * *
Your orc zombie barely misses the troll.
Casting: Vampiric Draining (dangerous; 3% risk of failure)
Confirm with . or Enter, or press ? or * to list all spells.
Aiming: Vampiric Draining (dangerous; 3% risk of failure)
Press: ? - help, Shift-Dir - straight line, f/p - troll
Aim: a troll (lightly wounded, ally target)
You draw life force from the troll!
You feel life coursing into your body.
Your gnoll zombie hits the troll but does no damage.
The troll bites you but does no damage. The troll claws you.
* * * LOW HITPOINT WARNING * * *
The troll claws you!
* * * LOW HITPOINT WARNING * * *
Your orc zombie hits the troll but does no damage.
Your orc zombie barely misses the troll.
Things that are here:
a +0 club; 6 stones
Casting: Vampiric Draining (dangerous; 3% risk of failure)
Confirm with . or Enter, or press ? or * to list all spells.
Aiming: Necrotise (safe; 1% risk of failure)
Press: ? - help, Shift-Dir - straight line, f/p - troll
Aim: a troll (moderately wounded, ally target, chance to affect: 83%)
The troll writhes in agony.
Your reaping aura expires.
The troll bites you!
You die...
Kikubaaqudgha rasps: "You have failed me!
Welcome... death!"

.....###.####..###........#
...<...#............#####.#
.......#.......##.#######.#
##..............#.........#
.............#..###########
##.....###...........#
.......'.##.#.##.....#
..>....#.#......#).#.#
.#....##.#..#...@..#.#
......##.#..###ZT..#.#
.........#......Z..#..
##....####.####<.#)####
...........#####......#
##..####.goo.{...#[##.#
#...###.#######.#..# #
#.#..##.# #........#
#.##.##.# #.#......#


You could see a troll (ally target), a friendly gnoll zombie and a friendly orc
zombie.

Vanquished Creatures
  An ogre (D:4)
  A phantom (D:5)
  2 bullfrogs (Sewer)
  A jelly (D:4)
  2 hounds (D:5)
  An orc wizard (D:5)
  6 gnolls
  A river rat (Sewer)
  6 adders
  An ufetubus (D:4)
  2 dart slugs
  10 orcs
  4 bats
  9 endoplasms
  2 giant cockroaches
  2 goblins
  3 hobgoblins
  3 quokkas
  14 ball pythons
  A frilled lizard (Sewer)
  4 kobolds
  23 rats
99 creatures vanquished.

Vanquished Creatures (collateral kills)
  A gnoll (D:5)
  An adder (Sewer)
  A worm (D:3)
  An orc (D:4)
  6 ball pythons (Sewer)
  A frilled lizard (Sewer)
  5 rats
16 creatures vanquished.

Vanquished Creatures (others)
  An adder zombie (Sewer)
  A ball python zombie (Sewer)
  A gnoll zombie (D:5)
  3 orc zombies (D:5)
  A withered plant (D:4)
7 creatures vanquished.

Grand Total: 122 creatures vanquished

Notes
Turn   | Place    | Note
-------+----------+-------------------------------------------
     0 | D:1      | mathmaestro the Demonspawn Necromancer began the quest for
                  | the Orb.
     0 | D:1      | Reached XP level 1. HP: 13/13 MP: 3/3
   279 | D:1      | Gained mutation: You are partially covered in rugged brown
                  | scales. (AC +1, +3% HP) [demonic ancestry]
   279 | D:1      | Reached XP level 2. HP: 6/20 MP: 0/5
  1332 | D:2      | Reached skill level 1 in Fighting
  1421 | D:1      | Reached XP level 3. HP: 6/26 MP: 0/6
  1430 | D:1      | Learned a level 3 spell: Vampiric Draining
  2015 | D:2      | Gained mutation: You have a pair of small antennae on your
                  | head. [demonic ancestry]
  2015 | D:2      | Reached XP level 4. HP: 27/32 MP: 4/7
  2250 | D:3      | Found a glowing drain.
  2270 | Sewer    | Entered a sewer
  2276 | Sewer    | Learned a level 4 spell: Animate Dead
  2538 | Sewer    | Reached skill level 5 in Necromancy
  2792 | Sewer    | Reached XP level 5. HP: 39/39 MP: 6/9
  2822 | Sewer    | Gained mutation: You regenerate magic rapidly. [demonic
                  | ancestry]
  2822 | Sewer    | Reached XP level 6. HP: 28/46 MP: 2/10
  3013 | D:3      | Found a faded altar of an unknown god.
  3934 | D:4      | Found an ancient bone altar of Kikubaaqudgha.
  3943 | D:4      | Became a worshipper of Kikubaaqudgha
  4511 | D:4      | Found a runed translucent door.
  4524 | D:4      | Noticed Dvallin's ghost (amateur GnAM)
  4579 | D:5      | Entered Level 5 of the Dungeon
  4765 | D:5      | Gained mutation: You regenerate a little health from kills.
                  | [demonic ancestry]
  4765 | D:5      | Reached XP level 7. HP: 52/52 MP: 9/12
  5055 | D:5      | Noticed a troll
  5127 | D:5      | Reached * piety under Kikubaaqudgha
  5127 | D:5      | Received a gift from Kikubaaqudgha
  5135 | D:5      | HP: 1/53 [troll (10)]
  5137 | D:5      | Mangled by a troll

Illustrated notes

Levels and vault maps discovered:
D:1:      shiori_shiawase, layout_loops_ring, st_stairs_7
D:2:      layout_basic, minmay_large_rounded_square
D:3:      layout_basic, portal_sewer_entry_a, hellmonk_ecumenical_altar_blasted
D:4:      layout_loops_corners, kiku_gazebo_garden_becter, ebering_ghost_sewer_d
D:5:      layout_basic

Skill      XL: |  1  2  3  4  5  6  7 |
---------------+----------------------+-----
Stealth        | 2 3 |  3.9
Dodging        | 2 3 |  3.5
Fighting       | 1 2 3 |  3.1
Necromancy     | 5 |  5.9
Spellcasting   | 3 |  3.7

Action                   |  1- 3 |  4- 6 |  7- 9 || total
-------------------------+-------+-------+-------++-------
Melee: Whip              |    18 |       |       ||    18
       Flail             |    10 |    67 |    33 ||   110
       Punch             |       |     1 |     1 ||     2
 Cast: Necrotise         |    46 |    71 |     7 ||   124
       Animate Dead      |       |     2 |     2 ||     4
       Vampiric Draining |       |     1 |     4 ||     5
  Use: Scroll            |       |     6 |     1 ||     7
 Stab: Sleeping          |     4 |     5 |     2 ||    11
Armor: Robe              |     6 |    46 |    24 ||    76
Dodge: Dodged            |    31 |    84 |    26 ||   141
